Map: Oxide LE

Players

Solar

  • Race: Zerg Zerg
  • League: Master
  • Spawn Location: 1:00

ByuN - Winner!

  • Race: Terran Terran
  • League: Master
  • Spawn Location: 7:00

Event: Cheeseadelphia Winter Championship 2021

VOD

Have the link to the VOD?

Description

Time

  • Played on: Jan. 24, 2021, 5:37 p.m.
  • Length: 8:18

All games in this series

Show
View Real Time Build Order
Export as new Build Order

Solar Zerg 

Build Orders: Hatch First 

Get SALT Encoding   

  12  0:00  Drone  
  13  0:12  Overlord  
  13  0:17  Drone  
  14  0:30  Drone x2  
  16  0:47  Hatchery  
  15  0:50  Drone  
  15  0:54  Drone  
  17  0:57  Drone  
  18  1:07  Extractor  
  17  1:13  Spawning Pool  
  17  1:15  Drone  
  17  1:19  Drone  
  18  1:28  Drone  
  19  1:40  Drone  
  20  1:50  Drone  
  21  2:00  Zergling x4, Queen x2  
  27  2:10  Overlord  
  27  2:11  Drone  
  28  2:20  Hatchery  
  28  2:22  Drone  
  28  2:28  Drone  
  29  2:30  Drone  
  29  2:36  Queen  
  32  2:41  Overlord  
  32  2:46  Metabolic Boost  
  32  2:47  Drone  
  32  2:50  Drone  
  34  2:53  Drone  
  34  2:56  Drone  
  36  3:03  Drone  
  36  3:04  Drone  
  37  3:09  Drone x3  
  37  3:12  Queen  
  42  3:15  Overlord  
  42  3:20  Drone  
  42  3:25  Overlord  
  43  3:31  Queen  
  43  3:32  Drone  
  43  3:34  Drone  
  47  3:37  Drone  
  48  3:42  Queen, Drone  
  48  3:43  Spore Crawler  
  48  3:44  Drone  
  48  3:45  Drone  
  48  3:46  Drone  
  54  3:48  Drone  
  54  3:54  Zergling x6  
  57  3:57  Drone  
  57  3:58  Overlord  
  57  4:00  Zergling x2  
  59  4:03  Zergling x2  
  59  4:06  Zergling x2  
  59  4:08  Overlord  
  60  4:15  Overlord  
  60  4:16  Zergling x2  
  61  4:19  Zergling x2  
  61  4:22  Lair  
  61  4:24  Spore Crawler  
  61  4:25  Drone x4  
  61  4:28  Baneling Nest  
  63  4:33  Zergling x2  
  63  4:36  Spore Crawler  
  63  4:37  Drone x2  
  65  4:38  Extractor x2  
  65  4:41  Drone  
  65  4:42  Drone x3  
  67  4:46  Overlord  
  67  4:51  Queen  
  69  4:53  Drone x4  
  69  4:57  Zergling x2  
  74  5:00  Overlord  
  74  5:01  Drone x2  
  74  5:03  Zergling x6  
  79  5:11  Overlord  
  79  5:13  Drone  
  78  5:17  Drone  
  78  5:18  Baneling  
  78  5:19  Baneling x2  
  78  5:20  Queen  
  79  5:22  Drone  
  79  5:24  Zergling x8  
  79  5:25  Drone  
  80  5:29  Zergling x10  
  80  5:32  Queen  
  80  5:33  Overseer  
  80  5:34  Drone  
  82  5:36  Drone  
  82  5:40  Queen, Drone  
  83  5:43  Baneling  
  83  5:45  Drone  
  83  5:48  Drone  
  83  5:50  Drone  
  83  5:51  Baneling x2  
  83  5:55  Overlord  
  83  5:56  Extractor  
  85  6:00  Drone  
  85  6:01  Extractor x2, Overlord  
  84  6:05  Overlord  
  84  6:09  Drone  
  83  6:11  Drone  
  83  6:16  Spire  
  83  6:17  Zergling x2  
  84  6:20  Zergling x4  
  86  6:28  Drone x3  
  86  6:30  Overlord  
  88  6:34  Drone x2  
  88  6:39  Drone  
  88  6:40  Drone x3  
  88  6:44  Drone x4  
  91  6:52  Overlord  
  91  6:53  Hatchery  
  88  6:55  Overlord  
  88  6:57  Overlord  
  88  7:04  Overlord  
  88  7:11  Zergling x6  
  91  7:18  Drone  
  92  7:24  Baneling x2  
  92  7:25  Baneling x3  
  92  7:27  Hatchery  
  92  7:29  Mutalisk x9  
  107  7:38  Zergling x6  
  107  7:42  Mutalisk x2  
  102  7:45  Zergling x10  
  103  7:51  Mutalisk  
  103  7:53  Zergling x8  
  103  7:56  Overlord  
Show
View Real Time Build Order
Export as new Build Order

ByuN Terran - Winner!

Build Orders: Hellion Banshee 

Get SALT Encoding   

  12  0:00  SCV  
  13  0:12  SCV  
  14  0:16  Supply Depot  
  14  0:24  SCV  
  15  0:38  SCV  
  15  0:40  Barracks  
  15  0:42  Refinery  
  16  0:50  SCV  
  17  1:02  SCV  
  18  1:14  SCV  
  19  1:26  Orbital Command, Marine  
  20  1:38  Command Center  
  20  1:49  Factory  
  20  1:53  SCV  
  21  2:01  Refinery  
  21  2:02  Barracks Reactor  
  21  2:05  SCV  
  22  2:11  Supply Depot  
  22  2:18  SCV  
  23  2:32  SCV  
  23  2:34  Hellion  
  23  2:36  Starport  
  26  2:39  Marine x2  
  28  2:44  SCV  
  29  2:52  Orbital Command  
  29  2:56  Hellion  
  32  3:01  Marine  
  32  3:02  Marine  
  32  3:05  SCV  
  34  3:13  Medivac  
  34  3:17  SCV  
  34  3:18  SCV  
  38  3:20  Hellion  
  38  3:21  Marine  
  38  3:24  Marine  
  42  3:28  Supply Depot  
  42  3:32  SCV  
  42  3:33  SCV  
  44  3:38  Supply Depot  
  44  3:43  Factory Tech Lab, Starport Tech Lab  
  44  3:46  SCV x2  
  46  3:51  Supply Depot  
  46  3:54  Hellion x2  
  50  3:58  SCV  
  50  3:59  SCV  
  52  4:04  Banshee  
  52  4:07  Cloaking Field  
  55  4:15  Armory  
  56  4:18  SCV  
  56  4:19  SCV  
  56  4:22  Marine  
  58  4:29  Hellion x2  
  62  4:32  SCV x2  
  62  4:36  Supply Depot  
  64  4:44  SCV x2  
  70  4:55  Banshee, Barracks Tech Lab  
  70  4:59  Command Center  
  69  5:01  SCV x2  
  69  5:02  Factory Reactor  
  71  5:07  Barracks  
  71  5:10  Barracks  
  71  5:13  SCV x2  
  73  5:17  Marine  
  73  5:18  Stimpack  
  72  5:25  SCV x2  
  72  5:32  Engineering Bay  
  72  5:33  Engineering Bay, Refinery  
  68  5:37  SCV x2  
  68  5:40  Marine  
  69  5:49  SCV x2  
  69  5:51  Starport Reactor, Refinery  
  72  5:57  Siege Tank, Marine x2  
  72  5:58  Barracks, Marine  
  72  6:01  Terran Infantry Armor Level 1, Terran Infantry Weapons Level 1  
  72  6:03  SCV  
  76  6:05  Barracks  
  76  6:06  SCV  
  77  6:12  Orbital Command  
  77  6:21  Marine x4  
  77  6:22  Marine  
  82  6:28  SCV x2  
  82  6:29  Medivac x2  
  88  6:34  Siege Tank  
  88  6:37  Supply Depot  
  88  6:38  Supply Depot  
  91  6:47  Marine x2  
  91  6:48  Barracks Reactor, Orbital Command  
  91  6:52  Supply Depot  
  91  6:53  Barracks Reactor  
  93  6:55  Supply Depot  
  93  6:58  Supply Depot  
  93  6:59  Marine x3  
  96  7:03  SCV  
  96  7:04  SCV, Marine  
  96  7:05  Marine  
  100  7:15  Siege Tank  
  103  7:16  Marine x3  
  103  7:17  SCV x3  
  103  7:18  Supply Depot  
  103  7:22  Supply Depot  
  109  7:24  Supply Depot  
  109  7:29  SCV x3  
  112  7:32  Marine x4  
  116  7:41  SCV  
  116  7:42  SCV x2  
  111  7:44  Marine x4  
  111  7:49  Factory  
  111  7:50  Refinery  
  115  7:53  SCV  
  115  7:54  SCV  
  115  7:55  Marine x4  
  115  7:56  Marine  
  122  8:02  SCV  
  122  8:05  SCV  
Tags
 
Add a new tag
Caveats
  • Supply blocks, unpowered buildings, or Contaminate may cause inaccurate times.
  • Supply counts are checked every 10 seconds.